[Event "FIDE World Rapid Chess Championship 2021"]
[White "Petrovskyi, Vadym"]
[Black "Dvirnyy, Danyyil"]
[WhiteFideId "14165210"]
[BlackFideId "817570"]
[WhiteElo "2282"]
[BlackElo "2550"]
[Result "1/2-1/2"]
[Round "01"]
[TimeControl "900+10"]
[Date "2021.12.26"]
[WhiteClock "0:00:30"]
[BlackClock "0:01:09"]

1. e4 e5 2. Nf3 Nc6 3. d4 exd4 4. Bc4 Bc5 5. c3 Nf6 6. cxd4 Bb4+ 7. Bd2 Nxe4 8. Bxb4 Nxb4 9. Bxf7+ Kxf7 10. Qb3+ Kf8 11. Qxb4+ Qe7 12. Qxe7+ Kxe7 13. O-O Nf6 14. Re1+ Kd8 15. Nc3 Rf8 16. d5 b6 17. d6 cxd6 18. Rad1 Bb7 19. Rxd6 Bxf3 20. gxf3 Ne8 21. Rd3 Rc8 22. Nb5 Nf6 23. Nxa7 Rc2 24. a4 Nh5 25. Red1 Rf7 26. R3d2 Rxd2 27. Rxd2 Nf4 28. Nb5 Rf5 29. Nd6 Rg5+ 30. Kf1 Rh5 31. Kg1 Kc7 32. Nc4 d5 33. Ne3 Rg5+ 34. Kf1 Kc6 35. b4 Nh3 36. Ng2 Rf5 37. Rd3 g5 38. Rc3+ Kb7 39. b5 g4 40. Ne3 Rxf3 41. Rc2 h5 42. Nxd5 Rd3 43. Ne3 Ra3 44. Rc4 Ra1+ 45. Ke2 Ng1+ 46. Kd3 Nf3 47. Rf4 Ra3+ 48. Kc2 Ra2+ 49. Kc1 Ne5 50. Kb1 Rd2 51. Rf5 Nd7 52. Rxh5 Rxf2 53. Nxg4 Rf4 54. Ne3 Rxa4 55. Rh7 Kc8 56. Nd5 Rd4 57. Ne7+ Kc7 58. Nc6 Rd5 59. Kc2 Rxb5 60. Nb8 1/2-1/2


[Site "http://www.Chess.com"]

[Event "FIDE World Rapid Chess Championship 2021"]
[White "Zilka, Stepan"]
[Black "Onyshchuk, Volodymyr"]
[WhiteFideId "315303"]
[BlackFideId "14114038"]
[WhiteElo "2474"]
[BlackElo "2687"]
[Result "0-1"]
[Round "01"]
[TimeControl "900+10"]
[Date "2021.12.26"]
[WhiteClock "0:00:30"]
[BlackClock "0:02:53"]

1. d4 d6 2. e4 g6 3. Nc3 Bg7 4. Be3 a6 5. Qd2 b5 6. a4 b4 7. Na2 a5 8. c3 bxc3 9. Nxc3 c6 10. Nf3 Na6 11. Be2 Nb4 12. O-O Nf6 13. Rfd1 O-O 14. h3 Rb8 15. Bh6 Qb6 16. Rac1 Rd8 17. Bxg7 Kxg7 18. Bf1 Be6 19. Qe3 h6 20. Rd2 Bb3 21. Nh2 c5 22. Nf3 c4 23. Qe1 Rbc8 24. d5 Nd7 25. e5 Nxe5 26. Nxe5 dxe5 27. Qxe5+ Qf6 28. f4 Qxe5 29. fxe5 Rc5 30. Be2 e6 31. d6 Rxe5 32. Nb5 Bxa4 33. Nc7 Bb3 34. d7 Nd5 35. Bxc4 Bxc4 36. Rxc4 Rxd7 37. Ne8+ Kf8 38. Nc7 Rxc7 0-1


[Site "http://www.Chess.com"]

[Event "FIDE World Rapid Chess Championship 2021"]
[White "Parligras, Mircea-Emilian"]
[Black "Sankalp, Gupta"]
[WhiteFideId "1204297"]
[BlackFideId "5097010"]
[WhiteElo "2550"]
[BlackElo "2266"]
[Result "1/2-1/2"]
[Round "01"]
[TimeControl "900+10"]
[Date "2021.12.26"]
[WhiteClock "0:09:38"]
[BlackClock "0:13:05"]

1. d4 d5 2. c4 dxc4 3. e3 Nf6 4. Bxc4 e6 5. Nf3 a6 6. O-O c5 7. dxc5 Bxc5 8. Qxd8+ Kxd8 9. Be2 Ke7 10. Nbd2 Bd7 11. Ne5 Bb5 12. Nec4 Nc6 13. Nb3 Ba7 14. a4 Bxc4 15. Bxc4 Rac8 16. Bd2 Ne4 17. Rfd1 Nxd2 18. Rxd2 Rhd8 19. Rxd8 Kxd8 20. Be2 Ne5 21. Rc1 Rxc1+ 22. Nxc1 Kc7 23. Nd3 1/2-1/2


[Site "http://www.Chess.com"]

[Event "FIDE World Rapid Chess Championship 2021"]
[White "Saric, Ivan"]
[Black "Puranik, Abhimanyu"]
[WhiteFideId "14508150"]
[BlackFideId "5061245"]
[WhiteElo "2684"]
[BlackElo "2472"]
[Result "1/2-1/2"]
[Round "01"]
[TimeControl "900+10"]
[Date "2021.12.26"]
[WhiteClock "0:04:20"]
[BlackClock "0:06:26"]

1. e4 e5 2. Nf3 Nc6 3. Bb5 Nf6 4. d3 Bc5 5. c3 d5 6. exd5 Qxd5 7. Bc4 Qd6 8. Nbd2 Bf5 9. b4 Bb6 10. Ng5 Bg6 11. a4 e4 12. Ndxe4 Nxe4 13. Nxe4 Bxe4 14. dxe4 Qxd1+ 15. Kxd1 Ne5 16. Bb3 Bxf2 17. Rf1 Bh4 18. Bf4 O-O-O 19. Kc2 Rhe8 20. Rad1 Rxd1 21. Rxd1 f6 22. g3 Bg5 23. h4 Bxf4 24. gxf4 Ng6 25. f5 Ne5 26. Be6+ Kb8 27. h5 h6 28. Rg1 Re7 29. Rd1 Re8 30. Rg1 Re7 31. Rd1 Re8 1/2-1/2


[Site "http://www.Chess.com"]

[Event "FIDE World Rapid Chess Championship 2021"]
[White "Janik, Igor"]
[Black "Sarana, Alexey"]
[WhiteFideId "1159259"]
[BlackFideId "24133795"]
[WhiteElo "2462"]
[BlackElo "2680"]
[Result "1/2-1/2"]
[Round "01"]
[TimeControl "900+10"]
[Date "2021.12.26"]
[WhiteClock "0:00:33"]
[BlackClock "0:00:28"]

1. d4 Nf6 2. c4 e6 3. Nf3 d5 4. Nc3 Bb4 5. Qa4+ Nc6 6. e3 O-O 7. Qc2 b6 8. Bd2 Bb7 9. cxd5 exd5 10. Bd3 Bd6 11. Nb5 Nb4 12. Bxb4 Bxb4+ 13. Nc3 c5 14. a3 Ba5 15. O-O c4 16. Bf5 g6 17. Bh3 a6 18. Ne5 b5 19. f4 Qd6 20. f5 g5 21. g3 Rae8 22. Bg2 Bb6 23. Rae1 h6 24. Qd2 Re7 25. Bf3 Kh7 26. Ng4 Nxg4 27. Bxg4 f6 28. Bh5 Bc6 29. Bg6+ Kg7 30. Qd1 a5 31. Qg4 b4 32. axb4 axb4 33. Nd1 Rh8 34. h4 Re4 35. Qf3 Bc7 36. Nf2 Re7 37. hxg5 Qxg3+ 38. Qxg3 Bxg3 39. gxf6+ Kxf6 40. Ra1 h5 41. Ra6 Rc7 42. e4 Kg7 43. e5 c3 44. Rb6 Bb7 45. Nd3 c2 46. Nc5 Bc8 47. Rc1 Bxe5 48. dxe5 Rxc5 49. Rxb4 Rf8 50. Rf4 Ba6 51. Bxh5 Kh6 52. Bg6 Kg5 53. Rf2 Bd3 54. e6 Rc7 55. e7 Rxe7 56. f6 Re1+ 57. Rxe1 Kxg6 58. Rc1 d4 59. Rd2 Bf5 60. Rxd4 Kxf6 61. Rc4 Ke5 62. R4xc2 Bxc2 63. Rxc2 1/2-1/2


[Site "http://www.Chess.com"]

[Event "FIDE World Rapid Chess Championship 2021"]
[White "Samunenkov, Ihor"]
[Black "Shoker, Samy"]
[WhiteFideId "14187086"]
[BlackFideId "627143"]
[WhiteElo "2259"]
[BlackElo "2550"]
[Result "1-0"]
[Round "01"]
[TimeControl "900+10"]
[Date "2021.12.26"]
[WhiteClock "0:00:27"]
[BlackClock "0:01:46"]

1. c4 g6 2. d4 Bg7 3. Nc3 d6 4. e4 Nd7 5. Nf3 e5 6. Be2 Ngf6 7. O-O O-O 8. d5 a5 9. Be3 Ng4 10. Bg5 f6 11. Bd2 Nh6 12. Qc1 Nf7 13. Ne1 f5 14. exf5 gxf5 15. f4 e4 16. Nc2 c6 17. Be3 c5 18. Qd2 Nh6 19. Bf2 a4 20. a3 Nf6 21. Ne3 Bd7 22. Kh1 Qe8 23. Bh4 Nfg4 24. Bxg4 fxg4 25. Rae1 Qh5 26. Be7 Rfe8 27. Bxd6 Bd4 28. g3 Bxe3 29. Rxe3 Nf5 30. Be5 Nxe3 31. Qxe3 Bf5 32. Nxe4 Qg6 33. Re1 Bxe4+ 34. Qxe4 Qxe4+ 35. Rxe4 Kf7 36. Kg2 Ra6 37. Re2 Rb6 38. Rd2 Ke7 39. h4 gxh3+ 40. Kxh3 Kd7 41. g4 Rh6+ 42. Kg3 Rh1 43. Kf3 Rh3+ 44. Ke4 Rh1 45. g5 Rc1 46. Kd3 Rf8 47. Rh2 Rf7 48. Rh6 Rd1+ 49. Kc2 Rf1 50. Rb6 Rf2+ 51. Kd3 Rf3+ 52. Ke4 Rb3 53. Rxb3 axb3 54. f5 Rf8 55. f6 Ke8 56. d6 Rg8 57. Bf4 Kd7 58. Kf5 Rf8 59. Be5 b6 60. Bg3 Rf7 61. Bf4 Rf8 62. Bh2 Rf7 63. Bg3 Rf8 64. a4 Rf7 65. Be5 Rf8 66. Bf4 Rf7 67. Bh2 Rf8 68. Bg3 Rf7 69. Ke5 Rf8 70. Bf4 Re8+ 71. Kd5 Ra8 72. Be5 Rg8 73. Bf4 Ra8 74. g6 hxg6 75. Bh6 Ke8 76. d7+ Kxd7 77. f7 Ke7 78. f8=Q+ Rxf8 79. Bxf8+ Kxf8 80. Kc6 g5 81. Kxb6 g4 82. a5 g3 83. a6 g2 84. a7 g1=Q 85. a8=Q+ Ke7 86. Qe4+ Kf8 87. Qf5+ Ke8 88. Qxc5 Qd1 89. Qe5+ Kf8 90. c5 Qd8+ 91. Qc7 Qh4 92. Qd6+ Ke8 93. c6 Qf2+ 94. Qc5 Qf6 95. Qe3+ Kd8 96. Qd3+ Ke8 97. Qxb3 Qg6 98. Qe3+ Kd8 99. Qd4+ Ke7 100. b4 Qg3 101. Qd7+ Kf6 102. Qd4+ Ke7 103. c7 Qc3 104. Qxc3 1-0


[Site "http://www.Chess.com"]

[Event "FIDE World Rapid Chess Championship 2021"]
[White "Jobava, Baadur"]
[Black "Sychev, Klementy"]
[WhiteFideId "13601520"]
[BlackFideId "4114060"]
[WhiteElo "2679"]
[BlackElo "2461"]
[Result "1-0"]
[Round "01"]
[TimeControl "900+10"]
[Date "2021.12.26"]
[WhiteClock "0:00:32"]
[BlackClock "0:00:15"]

1. e4 c5 2. Nf3 e6 3. d4 cxd4 4. Nxd4 Nf6 5. Nc3 Nc6 6. Nxc6 bxc6 7. e5 Nd5 8. Ne4 Qc7 9. f4 Qb6 10. Bd3 Be7 11. Qe2 Rb8 12. a3 f5 13. Nf2 Qd4 14. g3 Qa4 15. O-O O-O 16. c4 Nb4 17. b3 Qa6 18. Bb1 c5 19. axb4 Qxa1 20. Ba2 Bb7 21. Ba3 Qc3 22. Rc1 Qf3 23. Qxf3 Bxf3 24. bxc5 Rfc8 25. b4 a5 26. b5 Bxc5 27. Bxc5 Rxc5 28. Nd3 Rc7 29. Re1 Kf8 30. Kf2 Be4 31. Nb2 Ke7 32. Ke3 d6 33. exd6+ Kxd6 34. Na4 Bc2 35. Nc3 a4 36. Kd4 Bb3 37. Bxb3 axb3 38. Na4 Ra8 39. c5+ Ke7 40. Nc3 b2 41. Rb1 Rd8+ 42. Kc4 Rd2 43. b6 Rc8 44. Kb5 Rc2 45. Na4 Kd8 46. Rd1+ Ke7 47. b7 R8xc5+ 48. Kb6 Rc1 49. Nxb2 R1c2 50. Na4 R5c4 51. Rb1 Rc8 52. bxc8=Q Rxc8 53. Re1 Rb8+ 54. Kc7 Rb5 55. Kc6 Ra5 56. Nc5 Ra2 57. h4 Ra3 58. h5 Rxg3 59. Nxe6 g6 60. Ng5+ Kf6 61. Re6+ Kg7 62. Re7+ 1-0


[Site "http://www.Chess.com"]

[Event "FIDE World Rapid Chess Championship 2021"]
[White "Piorun, Kacper"]
[Black "Dudin, Gleb"]
[WhiteFideId "1130420"]
[BlackFideId "34184934"]
[WhiteElo "2547"]
[BlackElo "2247"]
[Result "0-1"]
[Round "01"]
[TimeControl "900+10"]
[Date "2021.12.26"]
[WhiteClock "0:00:25"]
[BlackClock "23:59:53"]

1. Nf3 Nf6 2. g3 d5 3. Bg2 c6 4. O-O Bg4 5. c4 e6 6. cxd5 Bxf3 7. Bxf3 cxd5 8. Nc3 Nc6 9. d3 Be7 10. Bg2 O-O 11. Bd2 Rc8 12. Qa4 Qd7 13. Rfc1 Rfd8 14. a3 Ne8 15. Qd1 Nd6 16. Rab1 Bf6 17. Bf4 Nf5 18. Na4 b6 19. Nc3 Na5 20. Bd2 Nd4 21. b4 Nac6 22. e3 Nf5 23. d4 Nd6 24. Be1 Ne7 25. Bf1 Nc4 26. a4 Nf5 27. Bd3 Nfd6 28. b5 g6 29. Na2 Be7 30. Nb4 Na5 31. Na2 Nac4 32. Qb3 Qb7 33. Rc2 a5 34. Rbc1 Rc7 35. Nc3 Rdc8 36. Ne2 f5 37. Nf4 Kf7 38. Bf1 Bf6 39. Bg2 Ne4 40. Nd3 g5 41. g4 fxg4 42. Bxe4 dxe4 43. Rxc4 Rxc4 44. Rxc4 Rxc4 45. Qxc4 exd3 46. Qxd3 Kg7 47. e4 h5 48. Bc3 Qc7 49. Kg2 h4 50. Bd2 Qd6 51. d5 exd5 52. Qxd5 Qxd5 53. exd5 Kg6 54. f3 h3+ 55. Kg3 gxf3 56. Kxf3 Kf5 57. Kg3 g4 58. Bf4 Bc3 59. Be3 Be5+ 60. Kf2 Bxh2 61. Bxb6 Ke4 62. Ke2 Bd6 63. Kf1 Ke5 0-1


[Site "http://www.Chess.com"]

[Event "FIDE World Rapid Chess Championship 2021"]
[White "Faizrakhmanov, Ramil"]
[Black "Svane, Rasmus"]
[WhiteFideId "24103209"]
[BlackFideId "4657101"]
[WhiteElo "2461"]
[BlackElo "2677"]
[Result "1/2-1/2"]
[Round "01"]
[TimeControl "900+10"]
[Date "2021.12.26"]
[WhiteClock "0:00:54"]
[BlackClock "0:00:30"]

1. d4 Nf6 2. c4 e6 3. Nf3 d5 4. Nc3 a6 5. cxd5 exd5 6. Bg5 Be6 7. e3 Nbd7 8. h3 Bd6 9. Bd3 c6 10. Bf4 Qc7 11. Qd2 O-O 12. O-O Rfe8 13. Rfe1 g6 14. Rac1 Nh5 15. Bxd6 Qxd6 16. Na4 Ng7 17. b4 Bf5 18. Nc5 Bxd3 19. Qxd3 Reb8 20. a4 Ne6 21. Nxd7 Qxd7 22. Ne5 Qd6 23. Qb3 Nc7 24. Qc3 Qd8 25. Nd3 Ne8 26. b5 cxb5 27. axb5 a5 28. Nf4 a4 29. Qb4 Nf6 30. Ra1 Qa5 31. Reb1 Rc8 32. Nd3 Ne4 33. Ra3 Qxb4 34. Nxb4 Nc3 35. Rba1 Rc4 36. Nd3 Nxb5 37. R3a2 Nc3 38. Rb2 b5 39. Kf1 Kf8 40. Ke1 Rb8 41. Nc5 Ke7 42. f3 b4 43. Kd2 Kd6 44. Na6 Rb6 45. Nxb4 Rbxb4 46. Rxb4 Rxb4 47. Kxc3 Rb3+ 48. Kd2 a3 49. Ra2 Kc6 50. Rc2+ Kb5 51. Rc7 a2 52. Ra7 Rb2+ 53. Kc3 Rxg2 54. e4 Kc6 55. Ra6+ Kb7 56. Ra5 Kb6 57. Ra8 Rf2 58. exd5 Rxf3+ 59. Kc4 Rf2 60. d6 Kc6 61. Ra6+ Kd7 62. Kc5 f5 63. Ra7+ Ke6 64. d5+ Kf6 65. Ra8 Rc2+ 66. Kd4 Kf7 67. d7 a1=Q+ 68. Rxa1 Ke7 69. Ra8 Kxd7 70. Rh8 Kd6 71. Rd8+ Ke7 72. Rh8 h5 73. Rh7+ Kd6 74. Rg7 Rd2+ 75. Ke3 Rg2 76. Kd4 Rg1 77. Rg8 Ke7 78. Kc5 Rc1+ 79. Kd4 Kf7 80. Ra8 Rh1 81. Ke5 Re1+ 82. Kf4 Ke7 83. Ra6 Rg1 84. Ke5 Re1+ 85. Kf4 Re4+ 86. Kg5 f4 87. Kxg6 f3 88. Rf6 Re3 89. Rf7+ Kd6 90. Kxh5 Kxd5 91. Kg4 Ke6 92. Rxf3 Rxf3 1/2-1/2


[Site "http://www.Chess.com"]

[Event "FIDE World Rapid Chess Championship 2021"]
[White "Toczek, Grzegorz"]
[Black "Vokhidov, Shamsiddin"]
[WhiteFideId "1106457"]
[BlackFideId "14204223"]
[WhiteElo "2220"]
[BlackElo "2546"]
[Result "1/2-1/2"]
[Round "01"]
[TimeControl "900+10"]
[Date "2021.12.26"]
[WhiteClock "0:06:16"]
[BlackClock "0:00:32"]

1. e4 c5 2. Nf3 d6 3. d4 cxd4 4. Nxd4 Nf6 5. Nc3 Nc6 6. f3 e5 7. Nb3 Be6 8. Be3 Be7 9. Qd2 O-O 10. O-O-O a5 11. a4 Nb4 12. Kb1 d5 13. exd5 Nfxd5 14. Bb5 Rc8 15. Nxd5 Bxd5 16. c4 Be6 17. Qxd8 Rfxd8 18. Bb6 Bf5+ 19. Ka1 Nc2+ 20. Ka2 Nb4+ 21. Ka1 Nc2+ 22. Ka2 Nb4+ 23. Ka1 1/2-1/2


[Site "http://www.Chess.com"]

[Event "FIDE World Rapid Chess Championship 2021"]
[White "Paravyan, David"]
[Black "Kantor, Gergely"]
[WhiteFideId "4194985"]
[BlackFideId "751499"]
[WhiteElo "2671"]
[BlackElo "2454"]
[Result "1/2-1/2"]
[Round "01"]
[TimeControl "900+10"]
[Date "2021.12.26"]
[WhiteClock "0:00:32"]
[BlackClock "0:00:42"]

1. e4 e5 2. Nf3 Nc6 3. Nc3 Nf6 4. d4 exd4 5. Nxd4 Bb4 6. Nxc6 bxc6 7. Bd3 O-O 8. O-O d5 9. exd5 cxd5 10. Bg5 c6 11. Qf3 Rb8 12. h3 Bd6 13. b3 h6 14. Bxf6 Qxf6 15. Qxf6 gxf6 16. Ne2 c5 17. Rad1 Be6 18. Ng3 Rfd8 19. Nf5 Bf8 20. g4 c4 21. Be2 Bxf5 22. gxf5 cxb3 23. axb3 Rbc8 24. Bd3 Bb4 25. Kg2 a5 26. Kf3 Kh7 27. Rg1 Rg8 28. Rg4 Rxg4 29. hxg4 Kg7 30. Ke3 Bc5+ 31. Ke2 Bb4 32. Kf1 Rc7 33. Kg2 Rc5 34. Kh3 Rc7 35. Kh4 Rc5 36. f4 Bc3 37. Kh5 Bb4 38. g5 hxg5 39. fxg5 fxg5 40. Kxg5 Bc3 41. Rg1 Bd2+ 42. Kh5+ Kf6 43. Rg8 Rc7 44. Re8 Re7 45. Rd8 Ke5 46. Bb5 Rc7 47. c4 d4 48. Kg4 Ke4 49. c5 Rxc5 50. Re8+ Kd5 51. Bc4+ Kd6 52. Bxf7 Re5 53. Be6 Re1 54. Kf3 Bc3 55. Kf2 Re3 56. Rd8+ Ke5 57. Rd5+ Kf6 58. Rd6 Ke5 59. Rd5+ Kf6 60. Rd6 Ke5 1/2-1/2


[Site "http://www.Chess.com"]

[Event "FIDE World Rapid Chess Championship 2021"]
[White "Postny, Evgeny"]
[Black "Movsesian, Sergei"]
[WhiteFideId "2804344"]
[BlackFideId "310204"]
[WhiteElo "2454"]
[BlackElo "2667"]
[Result "0-1"]
[Round "01"]
[TimeControl "900+10"]
[Date "2021.12.26"]
[WhiteClock "0:01:08"]
[BlackClock "0:01:27"]

1. d4 d5 2. c4 c6 3. Nf3 Nf6 4. Nc3 dxc4 5. a4 Bf5 6. Ne5 Nbd7 7. Nxc4 Nb6 8. Ne5 a5 9. f3 Nfd7 10. Nxd7 Nxd7 11. e4 Bg6 12. Be2 e6 13. Be3 Bb4 14. O-O O-O 15. Qb3 Qc7 16. Rac1 Rac8 17. g3 Kh8 18. Kg2 Qb8 19. Rfd1 h6 20. Bf1 Bh7 21. Ne2 e5 22. d5 f5 23. exf5 Bxf5 24. dxc6 Nf6 25. cxb7 Qxb7 26. Rxc8 Rxc8 27. Nc3 e4 28. Be2 exf3+ 29. Bxf3 Bh3+ 30. Kf2 Ng4+ 31. Ke2 Qa6+ 32. Nb5 Re8 33. Rd3 Qg6 34. Nc7 Rf8 35. Qe6 Bf1+ 36. Kxf1 Qxd3+ 0-1


[Site "http://www.Chess.com"]

[Event "FIDE World Rapid Chess Championship 2021"]
[White "Suleymanli, Aydin"]
[Black "Indjic, Aleksandar"]
[WhiteFideId "13413937"]
[BlackFideId "911925"]
[WhiteElo "2202"]
[BlackElo "2544"]
[Result "1-0"]
[Round "01"]
[TimeControl "900+10"]
[Date "2021.12.26"]
[WhiteClock "0:00:33"]
[BlackClock "0:00:12"]

1. d4 Nf6 2. c4 e6 3. Nc3 Bb4 4. e3 O-O 5. Ne2 Re8 6. a3 Bf8 7. Ng3 d5 8. Qc2 c5 9. dxc5 Bxc5 10. b4 Bf8 11. Be2 a5 12. b5 Nbd7 13. cxd5 exd5 14. O-O Nb6 15. Na4 Nxa4 16. Qxa4 Nd7 17. Bb2 Nc5 18. Qc2 Be6 19. Bd4 Rc8 20. Qb2 Na4 21. Qd2 Nc5 22. Qb2 Na4 23. Qd2 Nc5 24. Rfb1 a4 25. Bd1 g6 26. Bb2 Bg7 27. Bxg7 Kxg7 28. Rb4 Qf6 29. Rc1 b6 30. h3 Red8 31. Rf4 Ne4 32. Qd3 Qb2 33. Rxc8 Rxc8 34. Nxe4 dxe4 35. Rxe4 Rc1 36. Kh2 Qxf2 37. Rf4 Qe1 38. Qd4+ Kg8 39. Qd8+ Kg7 40. Qf6+ Kg8 41. Rd4 Rc8 42. Rd8+ Rxd8 43. Qxd8+ Kg7 44. Qd4+ Kg8 45. Bxa4 Qa5 46. Qd8+ Kg7 47. Qd4+ Kg8 48. Kg3 Qa7 49. Kf2 h5 50. Kg1 Kh7 51. Kf1 Qc7 52. Bd1 Qc1 53. a4 Bb3 54. Ke2 Be6 55. Kf2 Bc4 56. Bf3 Qf1+ 57. Kg3 Bb3 58. Kh2 Qe1 59. Qxb6 h4 60. Qd6 Bxa4 61. b6 1-0


[Site "http://www.Chess.com"]

[Event "FIDE World Rapid Chess Championship 2021"]
[White "Bartel, Mateusz"]
[Black "Lopusiewicz, Piotr"]
[WhiteFideId "1112635"]
[BlackFideId "1116029"]
[WhiteElo "2543"]
[BlackElo "2197"]
[Result "1-0"]
[Round "01"]
[TimeControl "900+10"]
[Date "2021.12.26"]
[WhiteClock "0:03:27"]
[BlackClock "0:00:42"]

1. e4 e5 2. Nf3 Nc6 3. Bb5 a6 4. Ba4 Nf6 5. O-O Be7 6. Re1 b5 7. Bb3 O-O 8. a4 Na5 9. Ba2 Bb7 10. d3 d6 11. Bd2 c5 12. Bxa5 Qxa5 13. axb5 Qb6 14. bxa6 Rxa6 15. Na3 Qxb2 16. Bc4 Ra7 17. Qd2 Rfa8 18. Reb1 Rxa3 19. Rxb2 Rxa1+ 20. Ne1 Bc6 21. h3 Bd8 22. Kh2 h6 23. Nf3 Ba5 24. c3 Ra3 25. Rb3 Ra1 26. Qe2 Rc1 27. Qb2 Rd1 28. Rb8+ Rxb8 29. Qxb8+ Ne8 30. Bxf7+ Kxf7 31. Qb3+ c4 32. Qxd1 Bxc3 33. Qc2 1-0


[Site "http://www.Chess.com"]

[Event "FIDE World Rapid Chess Championship 2021"]
[White "Demchenko, Anton"]
[Black "Sadhwani, Raunak"]
[WhiteFideId "4160258"]
[BlackFideId "35093487"]
[WhiteElo "2666"]
[BlackElo "2454"]
[Result "1/2-1/2"]
[Round "01"]
[TimeControl "900+10"]
[Date "2021.12.26"]
[WhiteClock "0:06:15"]
[BlackClock "0:07:35"]

1. e4 e5 2. Nf3 Nc6 3. Nc3 Nf6 4. d4 exd4 5. Nxd4 Bb4 6. Nxc6 bxc6 7. Bd3 O-O 8. O-O d5 9. exd5 cxd5 10. h3 h6 11. Qf3 Rb8 12. Rd1 Bb7 13. a3 Be7 14. b4 Re8 15. Nb5 c5 16. Qg3 Nh5 17. Qg4 Nf6 18. Qg3 Nh5 19. Qg4 1/2-1/2


[Site "http://www.Chess.com"]

[Event "FIDE World Rapid Chess Championship 2021"]
[White "Babazada, Khazar"]
[Black "Kobalia, Mikhail"]
[WhiteFideId "13413554"]
[BlackFideId "4119150"]
[WhiteElo "2170"]
[BlackElo "2543"]
[Result "1/2-1/2"]
[Round "01"]
[TimeControl "900+10"]
[Date "2021.12.26"]
[WhiteClock "0:09:37"]
[BlackClock "0:01:17"]

1. e4 g6 2. d4 Bg7 3. Nc3 d6 4. Nf3 Nf6 5. h3 O-O 6. Be2 Nbd7 7. O-O e5 8. dxe5 dxe5 9. Be3 Qe7 10. Qc1 c6 11. Nd2 Nc5 12. a4 a5 13. b3 Ne6 14. Nc4 Nd4 15. Nb6 Rb8 16. Nxc8 Rbxc8 17. Bc4 Nh5 18. Ne2 Nxe2+ 19. Bxe2 Nf4 20. Bf3 h5 21. Qd2 Qc7 22. Rad1 Rfd8 23. Qc3 Ne6 24. Qc4 Nd4 25. Bxd4 exd4 26. g3 h4 27. Kg2 Qe7 28. Rde1 d3 29. cxd3 Rd4 30. Qc3 hxg3 31. fxg3 Rcd8 32. Qxa5 Rxd3 33. e5 Rxb3 34. Re2 Rdd3 35. e6 fxe6 36. Qe1 Qa3 37. Ref2 Re3 38. Qd2 Rbd3 39. Qa5 Kh7 40. Qg5 Qc3 41. Qh4+ Kg8 42. Qg4 Kh7 43. Qh4+ Kg8 44. Qg4 Kh7 45. Qh4+ Kg8 1/2-1/2


[Site "http://www.Chess.com"]

[Event "FIDE World Rapid Chess Championship 2021"]
[White "Gumularz, Szymon"]
[Black "Smirin, Ilia"]
[WhiteFideId "1188062"]
[BlackFideId "2801990"]
[WhiteElo "2452"]
[BlackElo "2663"]
[Result "1/2-1/2"]
[Round "01"]
[TimeControl "900+10"]
[Date "2021.12.26"]
[WhiteClock "0:12:04"]
[BlackClock "0:10:06"]

1. e4 c5 2. Nf3 e6 3. c3 Nf6 4. e5 Nd5 5. d4 cxd4 6. cxd4 d6 7. Bc4 Nc6 8. O-O Be7 9. Qe2 O-O 10. Qe4 Qb6 11. Bd3 f5 12. exf6 Nxf6 13. Qe3 Nd5 14. Qe4 Nf6 15. Qe3 Nd5 16. Qe4 1/2-1/2


[Site "http://www.Chess.com"]

[Event "FIDE World Rapid Chess Championship 2021"]
[White "Firouzja, Alireza"]
[Black "Costachi, Mihnea"]
[WhiteFideId "12573981"]
[BlackFideId "1217518"]
[WhiteElo "2656"]
[BlackElo "2443"]
[Result "1/2-1/2"]
[Round "01"]
[TimeControl "900+10"]
[Date "2021.12.26"]
[WhiteClock "0:00:24"]
[BlackClock "0:00:24"]

1. e4 e5 2. Nf3 Nc6 3. Bb5 a6 4. Ba4 d6 5. O-O Bd7 6. c3 g6 7. d4 Bg7 8. h3 Nge7 9. Be3 O-O 10. Nbd2 b5 11. Bb3 h6 12. Re1 Kh7 13. dxe5 dxe5 14. Bc5 Na5 15. Nf1 Nb7 16. Be3 c5 17. a4 c4 18. axb5 Bxb5 19. Ba2 Qc7 20. Qe2 Na5 21. N1d2 Rab8 22. Bb1 Rfd8 23. Bc2 Nb3 24. Bxb3 cxb3 25. c4 Bd7 26. Rxa6 Nc6 27. Ra3 Be6 28. Nxb3 Nd4 29. Bxd4 exd4 30. Nbd2 Rxb2 31. e5 Bf8 32. Raa1 d3 33. Qe3 Bc5 34. Qf4 Qb6 35. Rf1 Be7 36. Ne4 Bf5 37. g4 Bxe4 38. Qxe4 Bc5 39. Qf4 Qe6 40. Rad1 Rc2 41. Rc1 Re2 42. Kg2 Ra8 43. Nd4 Bxd4 44. Qxd4 d2 45. Rcd1 Ra2 46. Qf4 1/2-1/2


[Site "http://www.Chess.com"]

[Event "FIDE World Rapid Chess Championship 2021"]
[White "Fridman, Daniel"]
[Black "Mitrabha, Guha"]
[WhiteFideId "11600454"]
[BlackFideId "5057000"]
[WhiteElo "2542"]
[BlackElo "2107"]
[Result "1-0"]
[Round "01"]
[TimeControl "900+10"]
[Date "2021.12.26"]
[WhiteClock "0:03:56"]
[BlackClock "0:05:19"]

1. d4 Nf6 2. Nf3 b6 3. g3 Bb7 4. c4 g6 5. Bg2 Bg7 6. O-O O-O 7. d5 a5 8. Nc3 Na6 9. e4 d6 10. Re1 Nc5 11. e5 Nfd7 12. Bf4 dxe5 13. Nxe5 Nxe5 14. Bxe5 Bxe5 15. Rxe5 e6 16. dxe6 fxe6 17. Bxb7 Nxb7 18. Rxe6 Nc5 19. Qxd8 Raxd8 20. Re2 Rd4 21. b3 a4 22. Nb5 Rd7 23. b4 Na6 24. a3 c5 25. Nc3 cxb4 26. axb4 Nxb4 27. Rb1 Nc6 28. Nxa4 Nd4 29. Reb2 Nf3+ 30. Kg2 Re7 31. Nxb6 Ne1+ 32. Kf1 Nf3 33. h4 Ref7 34. Kg2 g5 35. hxg5 Nxg5 36. Re1 Nf3 37. Re4 h5 38. Nd5 h4 39. Rg4+ Kh7 40. Nf4 Ne1+ 41. Kf1 Nf3 42. Kg2 Ne1+ 43. Kh3 hxg3 44. Kxg3 Nd3 45. Nxd3 Rf3+ 46. Kg2 Rxd3 47. Rc2 Rd6 48. c5 Rdf6 49. c6 Rc8 50. c7 Rf7 51. Rc3 Kh8 52. Rh3+ Rh7 53. Rxh7+ Kxh7 54. Rc4 Kg6 55. f4 Kf5 56. Kf3 Ke6 1-0


[Site "http://www.Chess.com"]

[Event "FIDE World Rapid Chess Championship 2021"]
[White "Gukesh, D"]
[Black "Kadric, Denis"]
[WhiteFideId "46616543"]
[BlackFideId "14403803"]
[WhiteElo "2050"]
[BlackElo "2542"]
[Result "1-0"]
[Round "01"]
[TimeControl "900+10"]
[Date "2021.12.26"]
[WhiteClock "0:03:21"]
[BlackClock "0:01:25"]

1. d4 d6 2. c4 e5 3. Nc3 exd4 4. Qxd4 Nf6 5. g3 Nc6 6. Qd2 Be6 7. e4 a5 8. b3 a4 9. Rb1 axb3 10. axb3 g6 11. Bg2 Bg7 12. Nge2 O-O 13. O-O Nd7 14. Nd5 Nc5 15. b4 Na4 16. Qc2 Ne5 17. Nef4 Bd7 18. Bd2 b5 19. c5 Nc4 20. cxd6 cxd6 21. Rb3 Rc8 22. Qd3 Nab2 23. Qe2 Nxd2 24. Qxd2 Nc4 25. Qe2 Re8 26. Rd1 Kh8 27. h4 f5 28. Nh3 Ne5 29. Re3 Bh6 30. Ng5 fxe4 31. Rxe4 Bxg5 32. hxg5 Bf5 33. Re3 Rc2 34. Qxb5 Rf8 35. Nf6 Rxf6 1-0


[Site "http://www.Chess.com"]

[Event "FIDE World Rapid Chess Championship 2021"]
[White "Heberla, Bartlomiej"]
[Black "Matlakov, Maxim"]
[WhiteFideId "1115120"]
[BlackFideId "4168003"]
[WhiteElo "2437"]
[BlackElo "2652"]
[Result "1/2-1/2"]
[Round "01"]
[TimeControl "900+10"]
[Date "2021.12.26"]
[WhiteClock "0:14:35"]
[BlackClock "0:10:32"]

1. d4 Nf6 2. Nf3 d5 3. c4 e6 4. Nc3 Bb4 5. Qa4+ Nc6 6. Bg5 dxc4 7. e3 Bd7 8. Qc2 b5 9. Be2 a6 10. O-O Be7 11. Bxf6 Bxf6 12. Ne4 Be7 13. b3 cxb3 14. axb3 Nb4 15. Qc3 Nd5 16. Qc2 Nb4 17. Qc3 Nd5 18. Qc2 O-O 19. Rfc1 a5 20. Qc3 Nb4 21. Rf1 Bc6 22. Nc5 Re8 1/2-1/2


[Site "http://www.Chess.com"]

[Event "FIDE World Rapid Chess Championship 2021"]
[White "Tari, Aryan"]
[Black "Yunusov, Mukhammad"]
[WhiteFideId "1510045"]
[BlackFideId "14700930"]
[WhiteElo "2542"]
[BlackElo "1832"]
[Result "1-0"]
[Round "01"]
[TimeControl "900+10"]
[Date "2021.12.26"]
[WhiteClock "0:07:33"]
[BlackClock "23:59:53"]

1. d4 d5 2. Nf3 Nf6 3. Bf4 c5 4. e3 Nc6 5. Nbd2 Bg4 6. c3 cxd4 7. exd4 Qb6 8. Qc1 e6 9. Bd3 Be7 10. O-O Rc8 11. Ne5 Nxe5 12. Bxe5 O-O 13. Qc2 g6 14. Rae1 Nd7 15. Bf4 Bf6 16. Nb3 Rfe8 17. h3 Bf5 18. Bxf5 exf5 19. Qd2 Qb5 20. Nc1 Nb6 21. Nd3 Rxe1 22. Rxe1 Re8 23. b3 Rxe1+ 24. Nxe1 Qe8 25. Nd3 Nd7 26. a4 a5 27. Be3 Qe7 28. Nf4 Qd6 29. Qd3 Qc6 30. Bd2 Bg7 31. Qe3 Nf8 32. Qf3 Bh6 33. Nxd5 Bg7 1-0


[Site "http://www.Chess.com"]